Map: Ultralove

Players

Memory

  • Race: Protoss Protoss
  • League: Platinum
  • Spawn Location: 1:00

ManlyManMeat - Winner!

  • Race: Zerg Zerg
  • League: Master
  • Spawn Location: 7:00

VOD

Have the link to the VOD?

Description

Time

  • Played on: June 19, 2025, 7:40 a.m.
  • Length: 9:51
Show
View Real Time Build Order
Export as new Build Order

Memory Protoss 

Build Orders: 1 Gate Expand 

Get SALT Encoding   

  1  0:00  Probe  
  12  0:05  Probe  
  14  0:14  Probe  
  15  0:23  Pylon  
  15  0:41  Probe  
  16  0:45  Gateway  
  16  0:50  Assimilator  
  16  0:53  Probe  
  17  1:05  Probe  
  18  1:18  Probe  
  19  1:20  Pylon  
  19  1:35  Nexus  
  19  1:44  Cybernetics Core  
  19  1:54  Probe  
  19  1:56  Zealot  
  22  2:06  Probe  
  23  2:11  Warp Gate  
  23  2:13  Pylon  
  23  2:19  Probe  
  23  2:20  Assimilator  
  24  2:37  Adept  
  25  2:40  Probe  
  26  2:47  Probe  
  27  2:53  Shield Battery  
  27  2:57  Probe  
  28  3:02  Gateway  
  28  3:04  Gateway  
  28  3:07  Twilight Council  
  28  3:08  Probe  
  29  3:15  Probe  
  30  3:21  Probe  
  30  3:24  Resonating Glaives  
  31  3:27  Probe  
  31  3:30  Pylon, Sentry  
  31  3:33  Probe  
  35  3:39  Probe  
  36  3:48  Probe  
  37  3:55  Gateway  
  37  4:02  Adept  
  37  4:03  Adept  
  37  4:04  Adept  
  43  4:38  Adept x3  
  43  5:03  Adept x3  
  43  5:04  Charge  
  43  5:05  Stalker  
  51  5:08  Probe x2  
  53  5:19  Dark Shrine, Probe  
  53  5:20  Probe  
  55  5:24  Gateway  
  55  5:27  Probe  
  55  5:28  Gateway, Probe  
  55  5:31  Pylon  
  55  5:33  Assimilator  
  57  5:36  Pylon, Probe  
  57  5:37  Pylon, Adept x2  
  57  5:39  Forge  
  62  5:48  Probe  
  63  5:50  Probe  
  63  5:52  Adept x2  
  68  6:03  Assimilator  
  68  6:04  Probe x2  
  69  6:07  Adept x2  
  74  6:18  Robotics Facility  
  74  6:20  Pylon  
  74  6:30  Sentry x2  
  78  7:06  Dark Templar x2  
  82  7:10  Probe  
  83  7:17  Nexus  
  83  7:20  Probe  
  84  7:24  Pylon  
  84  7:36  Dark Templar x3  
  90  7:46  Protoss Ground Weapons Level 1  
  90  7:47  Dark Templar  
  92  7:59  Warp Prism  
  92  8:05  Pylon  
  50  8:06  Gateway, Stalker x2  
  50  8:09  Gateway  
  50  8:10  Gateway  
  50  8:11  Adept x2  
  50  8:12  Gateway  
  55  8:19  Probe  
  47  8:20  Probe  
  48  8:32  Probe x2  
  48  8:33  Dark Templar  
  52  8:35  Pylon  
  52  8:43  Probe  
  52  8:44  Probe x2  
  52  8:45  Assimilator  
  55  8:51  Adept x2  
  55  8:52  Zealot  
  55  8:54  Adept  
  55  8:55  Probe  
  63  8:56  Probe x2  
  61  9:04  Dark Templar x2  
  61  9:07  Probe  
  61  9:08  Probe  
  43  9:21  Zealot x2  
  43  9:22  Zealot  
  35  9:24  Stalker x2  
  25  9:38  Zealot  
Show
View Real Time Build Order
Export as new Build Order

ManlyManMeat Zerg - Winner!

Build Orders: Hatch First 

Get SALT Encoding   

  12  0:00  Drone  
  13  0:12  Overlord  
  13  0:16  Drone  
  14  0:31  Drone  
  14  0:32  Drone  
  16  0:43  Drone  
  17  0:53  Hatchery  
  17  0:55  Drone  
  17  1:05  Drone  
  18  1:17  Spawning Pool  
  17  1:18  Extractor  
  17  1:19  Drone  
  17  1:34  Drone  
  17  1:37  Drone  
  19  1:48  Drone  
  20  2:03  Overlord  
  20  2:04  Queen  
  20  2:05  Queen  
  24  2:12  Zergling x4  
  26  2:16  Drone  
  26  2:21  Overlord  
  27  2:30  Metabolic Boost  
  27  2:36  Drone x2  
  29  2:46  Drone x2  
  31  2:55  Drone x2  
  33  3:00  Hatchery  
  33  3:04  Drone x2  
  34  3:12  Drone  
  35  3:14  Drone x2  
  35  3:15  Drone  
  38  3:20  Drone x2  
  38  3:24  Overlord  
  40  3:31  Queen  
  42  3:42  Drone x2  
  42  3:43  Drone x2  
  46  3:58  Zergling x2  
  46  3:59  Zergling x10  
  46  4:02  Baneling Nest  
  51  4:04  Evolution Chamber  
  51  4:05  Overlord, Evolution Chamber  
  49  4:14  Zergling x6  
  52  4:22  Extractor  
  51  4:29  Queen  
  56  4:31  Zergling x14  
  62  4:41  Lair  
  62  4:42  Queen  
  62  4:44  Overlord  
  61  5:05  Drone  
  61  5:06  Drone x6  
  68  5:12  Overlord  
  68  5:13  Overlord x2  
  68  5:15  Zerg Melee Weapons Level 1  
  68  5:17  Zerg Ground Armor Level 1  
  68  5:23  Drone x4  
  68  5:24  Drone  
  68  5:27  Baneling x2  
  68  5:28  Baneling x2  
  73  5:32  Extractor x2  
  73  5:34  Drone x3  
  74  5:45  Drone x2  
  74  5:46  Drone x3  
  74  5:47  Drone  
  80  5:50  Centrifugal Hooks  
  80  6:05  Drone x3  
  80  6:06  Drone x3  
  86  6:15  Drone x2  
  86  6:17  Hatchery  
  86  6:18  Hatchery  
  85  6:21  Overseer  
  85  6:27  Zergling x10  
  85  6:28  Overlord x3  
  90  6:35  Zergling x4  
  90  6:36  Zergling x2  
  93  6:42  Spore Crawler  
  93  6:44  Spore Crawler  
  93  6:45  Spore Crawler  
  90  6:54  Overseer  
  90  7:02  Zergling x8  
  90  7:03  Zergling x12  
  100  7:10  Overseer  
  100  7:12  Zergling x4  
  102  7:19  Zergling x4  
  104  7:35  Zergling x8  
  108  7:43  Baneling x9  
  108  7:44  Baneling x11  
  108  7:45  Zergling x4, Baneling x4  
  108  7:46  Zergling x2  
  111  7:55  Drone x3, Zergling x12  
  101  8:18  Zergling x32  
  112  8:27  Zergling x2  
  112  8:28  Zergling x4  
  112  8:30  Baneling x2  
  112  8:31  Baneling x16  
  115  8:39  Baneling x2  
  115  8:40  Baneling x7  
  115  8:41  Zergling x22, Baneling x2  
  116  8:44  Zergling x2  
  116  8:48  Baneling  
  127  9:02  Zergling x24  
  133  9:03  Hatchery  
  130  9:13  Zergling x14  
  130  9:20  Overlord x2  
  130  9:22  Hatchery  
Tags
 
Add a new tag
Caveats
  • Supply blocks, unpowered buildings, or Contaminate may cause inaccurate times.
  • Supply counts are checked every 10 seconds.